 Dungeon Crawl Stone Soup version 0.29-a0-266-gf56f883ddd (webtiles) character file.

Game seed: 275437862694738177

106 ImagineBeingDrunk the Covered (level 4, -4/42 HPs)
             Began as a Deep Dwarf Fighter on Mar 6, 2022.
             Slain by Sigmund
             ... wielding a +0 scythe
              (6 damage)
             ... on level 2 of the Dungeon.
             The game lasted 00:01:48 (778 turns).

ImagineBeingDrunk the Covered (Deep Dwarf Fighter)   Turns: 778, Time: 00:01:48

Health: -4/42      AC: 10    Str: 22    XL:     4   Next: 55%
Magic:  5/5        EV:  9    Int:  8    God:
Gold:   45         SH:  0    Dex: 12    Spells: 3/3 levels left

rFire   . . .      SeeInvis .   a - +0 war axe
rCold   . . .      Faith    .   c - +0 buckler
rNeg    . . .      Spirit   .   b - +0 scale mail
rPois   .          Reflect  .   (no helmet)
rElec   .          Harm     .   (no cloak)
rCorr   .          Rampage  .   h - +2 pair of gloves
Will    .....                   (no boots)
Stlth   ..........              (no amulet)
HPRegen 0.00/turn               (no ring)
MPRegen 0.09/turn               (no ring)

@: confused, mighty
A: damage resistance, heal wounds, sense surroundings 1, no regeneration
a: Heal Wounds


You were on level 2 of the Dungeon.
You visited 1 branch of the dungeon, and saw 2 of its levels.

You collected 73 gold pieces.
You spent 28 gold pieces at shops.

Inventory:

Hand Weapons
 a - a +0 war axe (weapon)
Armour
 b - a +0 scale mail (worn)
 c - a +0 buckler (worn)
 h - a +2 pair of gloves (worn)
Scrolls
 e - 2 scrolls of fog
 i - a scroll of blinking {unknown}
 k - a scroll of teleportation {unknown}
 l - a scroll of acquirement {unknown}
Potions
 f - a potion of resistance {unknown}
 g - a potion of attraction {unknown}
 j - a potion of degeneration {unknown}
 m - 2 potions of berserk rage {unknown}


   Skills:
 + Level 3.1 Fighting
 + Level 3.4 Axes
 + Level 3.8 Armour
 + Level 0.7 Dodging
 + Level 0.2 Stealth
 + Level 3.6 Shields
 * Level 2.2 Invocations


You had 3 spell levels left.
You didn't know any spells.
Your spell library was empty.

Dungeon Overview and Level Annotations

Branches:
Dungeon (2/15)

Altars:

Shops:
D:2 ?

Annotations:
D:2 Sigmund


Innate Abilities, Weirdness & Mutations

You are resistant to damage.
You can heal yourself by infusing magical energy.
You passively map a small area around you.
You do not regenerate.


Message History

There are monsters nearby!
There are monsters nearby!
You feel very mighty all of a sudden. Sigmund casts a spell at you.
The puff of flame hits you.
A dart slug comes into view.
Sigmund gestures at you while chanting.
You are confused.
A frilled lizard comes into view.
The dart slug moves out of view.
Found a stone staircase leading up.
Sigmund gestures wildly while chanting.
Sigmund flickers and vanishes!
Deactivating autopickup; reactivate with Ctrl-A.
You slice something!! You closely miss the frilled lizard. Something hits you.
The frilled lizard bites you but does no damage.
The frilled lizard closely misses you.
Unknown command.
You miss something. You miss the frilled lizard. Something hits you.
* * * LOW HITPOINT WARNING * * *
The frilled lizard bites you but does no damage.
Unknown command.
You're too confused to move!
The frilled lizard bites you but does no damage.
Something hits you but does no damage.
Okay, then.
You are too confused!
You bump into the rock wall.
The frilled lizard bites you but does no damage.
Unknown command.
You bump into the rock wall.
You hear some strange, mumbled words.
A puff of flame appears from out of thin air!
The puff of flame hits you!
* * * LOW HITPOINT WARNING * * *
Unknown command.
The frilled lizard attacks as you move away!
The frilled lizard completely misses you.
Something hits you!
You die...

#.# # #.# # #.# # #.# #
** ##### #.# # ..<.,
#.############ * , #..
#............. *
#.##..####.############
#....l@....# #
#.$..{l##### # #####.w#
#..# * ##.# * * #.#
,... , ...,, ,


You could see a dart slug and 2 frilled lizards.

Vanquished Creatures
  Natasha (twice) (D:2)
  A gnoll (D:1)
  An adder (D:2)
  A worm (D:2)
  2 endoplasms
  2 goblins
  3 hobgoblins (D:1)
  9 jackals
  3 kobolds
  A quokka (D:1)
  A ball python (D:1)
  2 bats (D:1)
  A frilled lizard (D:1)
  4 rats
33 creatures vanquished.

Notes
Turn   | Place    | Note
-------+----------+-------------------------------------------
     0 | D:1      | ImagineBeingDrunk the Deep Dwarf Fighter began the quest
                  | for the Orb.
     0 | D:1      | Reached XP level 1. HP: 20/20 MP: 1/1
    29 | D:1      | Reached XP level 2. HP: 10/27 MP: 2/2
    50 | D:1      | Found a faded altar of an unknown god.
   197 | D:1      | Reached skill level 1 in Invocations
   234 | D:1      | Reached XP level 3. HP: 29/34 MP: 3/3
   614 | D:2      | Noticed Natasha
   619 | D:2      | Killed Natasha
   681 | D:2      | Noticed Natasha
   683 | D:2      | Reached XP level 4. HP: 7/42 MP: 5/5
   705 | D:2      | Killed Natasha
   709 | D:2      | Found Emmuhof's Magic Scroll Shop.
   717 | D:2      | Bought a scroll of identify for 28 gold pieces
   768 | D:2      | Noticed Sigmund
   777 | D:2      | HP: 2/42 [something/puff of flame (7)]
   778 | D:2      | Slain by Sigmund

Illustrated notes

Levels and vault maps discovered:
D:1:      scummos_arrival_forest, layout_rooms, basic_ecumenical_altar,
          minmay_misc_feat_x, minmay_misc_feat_alley, hangedman_decor_slide_cut,
          due_unseen_surprise
D:2:      layout_basic, serial_shops, nicolae_square_shop, nicolae_square_shop,
          uniq_natasha, uniq_sigmund

Skill      XL: |  1  2  3 |
---------------+----------+-----
Fighting       | 3 |  3.1
Invocations    | 1 2 |  2.2
Axes           | 3 |  3.4
Armour         | |  3.8
Dodging        | |  0.7
Stealth        | |  0.2
Shields        | |  3.6

Action                   |  1- 3 |  4- 6 || total
-------------------------+-------+-------++-------
Melee: War axe           |    94 |    31 ||   125
 Abil: Heal Wounds       |     1 |     1 ||     2
  Use: Scroll            |       |     1 ||     1
       Potion            |       |     1 ||     1
Armor: Scale mail        |    53 |    25 ||    78
Dodge: Dodged            |    53 |    21 ||    74
Block: Buckler           |    26 |     5 ||    31

Table legend: (Time is in decaauts)
 A = Elapsed time spent in this place.
 B = Non-inter-level travel time spent in this place.
 C = Inter-level travel time spent in this place.
 D = Time resting spent in this place.
 E = Time spent auto-exploring this place.
 F = Levels seen in this place.
 G = Mean time per level.
                   A        B        C        D        E       F      G
               +--------+--------+--------+--------+--------+-----+--------+
         Total |    828 |    808 |     20 |      0 |    468 |   2 |  414.0 |
       Dungeon |    828 |    808 |     20 |      0 |    468 |   2 |  414.0 |
               +--------+--------+--------+--------+--------+-----+--------+

Top non-repeatable levels by time:
     D:1: 588 daAuts
     D:2: 240 daAuts
